AoeStats
← Cheese Burgurs

Arabian Desert

510093458Analyzed
1v1 RM · 3d ago on Sep 29, 2026· 35m 20s· 2 players
Game mode
Random Map
Map size
Tiny (2 player)
Population
200
Speed
Normal
Resources
Standard
Victory
Conquest
Starting age
Dark Age
Ending age
Imperial Age
RankedLock teamsTeams togetherTeam positionsShared explorationLock speedFull tech treeHidden civsTurbo modeCheats
Victory
Defeat
🇻🇳 Burgundians · Vietnam
1300
+15
🇬🇧 Huns · United Kingdom
1282
-15
xBOYLANATORx
8:00 Loom
10:15 Feudal Age
10:51 Double-Bit Axe
10:49 Horse Collar
18:59 Fletching
20:35 Wheelbarrow
25:54 Castle Age
23:59 Gold Mining
24:38 Bloodlines
25:47 Scale Mail Armor
26:28 Pikeman
28:09 Thumb Ring
28:06 Padded Archer Armor
34:05 Ballistics
34:14 Heavy Plow
Cheese Burgurs
5:42 Double-Bit Axe
6:46 Loom
9:30 Feudal Age
10:17 Arson
12:47 Horse Collar
14:45 Heavy Plow
19:09 Gold Mining
20:04 Stone Mining
23:30 Castle Age
24:23 Husbandry
23:45 Cavalier
26:57 Wheelbarrow
28:14 Hand Cart
28:44 Fletching
29:01 Scale Barding Armor
28:21 Elite Skirmisher
30:11 Bodkin Arrow
34:31 Chain Barding Armor
Connection lost

Rejoining the realm…

Still unreachable

The connection could not be restored.

Session expired

The server has moved on; the page needs a fresh start.